 Dungeon Crawl Stone Soup version 0.25-a0-24-g72dcfe0359 (webtiles) character file.

Game seed: 9946838638946461689, levelgen mode: deterministic

1848 Grimalkyne the Cleaver (level 8, -11/75 HPs)
             Began as a Minotaur Monk on Oct 17, 2019.
             Was a Priest of Cheibriados.
             Mangled by an orc warrior
             ... wielding a +0 halberd
              (17 damage)
             ... on level 6 of the Dungeon.
             The game lasted 00:12:46 (7104 turns).

Grimalkyne the Cleaver (Minotaur Monk)              Turns: 7104, Time: 00:12:47

Health: -11/75     AC: 10    Str: 26    XL:     8   Next: 88%
Magic:  7/7        EV: 11    Int: 14    God:    Cheibriados [***...]
Gold:   268        SH:  0    Dex: 21    Spells: 7/7 levels left

rFire    . . .     SeeInvis .   a - +1 hand axe
rCold    . . .     Gourm    .   (no shield)
rNeg     . . .     Faith    .   m - +0 chain mail
rPois    +         Spirit   .   (helmet restricted)
rElec    .         Reflect  .   (no cloak)
rCorr    .         Harm     .   (no gloves)
MR       .....                  (no boots)
Stlth    ..........             (no amulet)
HPRegen  0.22/turn              f - +2 ring of strength
MPRegen  0.10/turn              v - ring of poison resistance {rPois, !d}

@: very slow
A: retaliatory headbutt, horns 2
a: Bend Time, Temporal Distortion, Renounce Religion


You were on level 6 of the Dungeon.
You worshipped Cheibriados.
Cheibriados was most pleased with you.
You were not hungry.

You visited 2 branches of the dungeon, and saw 7 of its levels.

You collected 268 gold pieces.

Inventory:

Hand Weapons
 a - a +1 hand axe (weapon)
 b - a +0 hunting sling
   (You found it on level 3 of the Dungeon)
Missiles
 g - 61 stones (quivered)
Armour
 k - a +1 cloak of invisibility
   (You took it off Crazy Yiuf on level 4 of the Dungeon)
 m - a +0 chain mail (worn)
   (You found it on level 2 of the Dungeon)
 t - a +0 large shield
   (You found it on level 4 of the Dungeon)
Magical Staves
 s - an uncursed staff of power {unknown}
   (You found it on level 6 of the Dungeon)
Jewellery
 f - a +2 ring of strength (left hand)
   (You found it on level 1 of the Dungeon)
 v - a ring of poison resistance (right hand) {rPois, !d}
   (You found it on level 5 of the Dungeon)
 y - an uncursed ring of resist corrosion {unknown}
   (You found it on level 6 of the Dungeon)
Wands
 e - a wand of flame (21)
   (You took it off Dowan on level 6 of the Dungeon)
 p - a wand of acid (5)
   (You found it on level 3 of the Dungeon)
Scrolls
 h - 5 scrolls of teleportation
 j - a scroll of enchant weapon
 q - a scroll of remove curse
 r - a scroll of random uselessness
Potions
 d - 6 potions of curing
 i - 2 potions of invisibility
 l - 2 potions of lignification {!q}
 n - a potion of might {unknown}
 o - 2 potions of haste {unknown}
Comestibles
 c - 8 rations


   Skills:
 + Level 8.5 Fighting
 + Level 9.1 Axes
 + Level 7.4 Armour
 - Level 3.5 Dodging
 - Level 2.0 Stealth


You had 7 spell levels left.
You didn't know any spells.
Your spell library was empty.

Dungeon Overview and Level Annotations

Branches:
Dungeon (6/15)             Temple (1/1) D:4

Altars:
Cheibriados
Dithmenos
Nemelex Xobeh
Qazlal
Uskayaw
Wu Jian

Shops:
D:4 *


Innate Abilities, Weirdness & Mutations

You reflexively headbutt those who attack you in melee.
You have a pair of horns on your head.


Message History

The troll claws you but does no damage.
You hit the troll but do no damage. Your headbutt misses the troll.
The troll closely misses you. You furiously retaliate!
You headbutt the troll!
You kill the troll!
Cheibriados appreciates the change of pace.
Your Axes skill increases to level 9!
Your Armour skill increases to level 7!
You start resting.
All of the chunks of flesh in your inventory have rotted away.
Health restored: 75
Things that are here:
a +3 rapier of flaming; a +0 leather armour
n - a purple potion
s - a knobbly runed staff You open the door.
An orc, an orc warrior and an orc priest come into view.
The orc warrior shouts!
The orc priest shouts!
The orc shouts!
The orc priest begins to cast a cantrip, but forgets the words!
Throwing (i - inventory)
g - 65 stones (quivered)
Aim: an orc priest, wielding a +0 club You throw a stone.
The stone closely misses the orc priest.
An orc comes into view. It is wielding a +0 club.
Throwing (i - inventory)
g - 64 stones (quivered)
Aim: an orc priest, wielding a +0 club You throw a stone.
The orc shouts!
The stone hits the orc priest.
Throwing (i - inventory)
g - 63 stones (quivered)
Aim: an orc priest, wielding a +0 club (lightly wounded)
You throw a stone.
The stone closely misses the orc priest.
The orc warrior barely misses you.
You closely miss the orc priest. You headbutt the orc priest!
The orc priest hits you but does no damage.
You hit the orc priest.
You kill the orc priest!
Cheibriados thoroughly appreciates the change of pace.
The orc warrior barely misses you.
You slash the orc!
You kill the orc!
Cheibriados appreciates the change of pace.
The orc warrior hits you from afar with a +0 halberd!
You take 9 damage, and have 66/75 hp.
Throwing (i - inventory)
g - 62 stones (quivered)
Aim: an orc warrior, wielding a +0 halberd and wearing a +0 plate armour You throw a stone.
The stone hits the orc warrior but does no damage.
A bullfrog comes into view.
The orc warrior hits you from afar with a +0 halberd!
You take 10 damage, and have 56/75 hp.
The bullfrog gives a loud, deep croak!
You hit the orc but do no damage. The orc hits you with a +0 club.
You take 1 damage, and have 55/75 hp.
You hit the orc. You headbutt the orc.
You kill the orc!
Cheibriados appreciates the change of pace.
The orc warrior closely misses you.
The orc warrior hits you with a +0 halberd!
The bullfrog hits you but does no damage.
There is an open door here.
Items here: )) †† a +0 club x2; an orc corpse x2
You take 11 damage, and have 44/75 hp.
You closely miss the orc warrior. You slash the bullfrog!
The bullfrog hits you but does no damage.
The orc warrior closely misses you.
You barely miss the orc warrior.
You headbutt the orc warrior, but do no damage.
You hit the bullfrog. The bullfrog barely misses you. You furiously retaliate!
You headbutt the bullfrog.
The orc warrior hits you with a +0 halberd!
The bullfrog misses you. You furiously retaliate!
You headbutt the bullfrog.
You take 10 damage, and have 34/75 hp.
You hit the orc warrior but do no damage.
You headbutt the orc warrior. You hit the bullfrog.
The bullfrog hits you but does no damage.
The orc warrior hits you with a +0 halberd!
You take 10 damage, and have 24/75 hp.
You hit the orc warrior but do no damage.
You headbutt the orc warrior. You closely miss the bullfrog.
The bullfrog hits you.
* * * LOW HITPOINT WARNING * * *
You take 2 damage, and have 22/75 hp.
You hit the orc warrior. You headbutt the orc warrior. You slash the bullfrog!
You kill the bullfrog!
Cheibriados thoroughly appreciates the change of pace.
The orc warrior hits you but does no damage.
You hit the orc warrior. Your headbutt misses the orc warrior.
The orc warrior completely misses you.
You hit the orc warrior but do no damage.
You headbutt the orc warrior, but do no damage.
You slash the orc warrior!
The orc warrior hits you with a +0 halberd!
* * * LOW HITPOINT WARNING * * *
You take 16 damage, and have 6/75 hp.
MASSIVE DAMAGE!!
You hit the orc warrior but do no damage.
You headbutt the orc warrior, but do no damage.
The orc warrior hits you with a +0 halberd!
You die...

.####.# ##.## ##...#.# .
#.# #.# ##.##.# # #. #.#
####.# # .. ##+# #.# #
## #...# #.# ### ....(#
### #.# .. .....(#
##.###.# #
......(####...##.#######
......o@................
.......####...##.#####..
......# ##.###.# #..
.....# ### #.# #.. #...#
#.# ##. ##+# ..# #. ###
#. #. #.


You could see an orc warrior.

Vanquished Creatures
  A troll (D:6)
  Eustachio (D:6)
  Menkaure (D:4)
  Duvessa (D:6)
  An ice beast (D:5)
  A sky beast (D:5)
  A phantom (D:5)
  An orc warrior (D:6)
  2 ogres (D:4)
  2 bullfrogs (D:6)
  Dowan (D:6)
  A crimson imp (D:6)
  A hound (D:4)
  3 orc priests
  2 orc wizards
  Crazy Yiuf (D:4)
  A centaur skeleton (D:2)
  4 worker ants
  A hound skeleton (D:4)
  A worker ant zombie (D:6)
  3 gnolls (D:3)
  5 adders
  An ooze (D:3)
  3 worms
  A leopard gecko (D:6)
  16 orcs
  6 giant cockroaches
  3 goblins
  11 hobgoblins
  10 jackals
  3 kobolds
  4 quokkas
  A ball python (D:4)
  5 bats
  3 frilled lizards (D:1)
  A jackal skeleton (D:4)
  A leopard gecko zombie (D:5)
  6 rats
  A fungus (D:4)
112 creatures vanquished.

Notes
Turn   | Place    | Note
-------+----------+-------------------------------------------
     0 | D:1      | Grimalkyne the Minotaur Monk began the quest for the Orb.
     0 | D:1      | Reached XP level 1. HP: 19/19 MP: 0/0
   121 | D:1      | Reached XP level 2. HP: 21/27 MP: 1/1
   888 | D:2      | Reached skill level 4 in Fighting
   888 | D:2      | Reached skill level 4 in Axes
   888 | D:2      | Reached skill level 2 in Stealth
  1126 | D:2      | Reached skill level 5 in Axes
  1126 | D:2      | Reached XP level 3. HP: 21/33 MP: 2/2
  1285 | D:2      | Reached XP level 4. HP: 15/40 MP: 3/3
  1298 | D:2      | HP: 10/40 [poisoned by an adder]
  1306 | D:2      | HP: 9/40 [poisoned by an adder]
  2287 | D:3      | Reached skill level 1 in Armour
  3026 | D:3      | Reached XP level 5. HP: 44/47 MP: 4/4
  3268 | D:4      | Reached skill level 2 in Armour
  3409 | D:4      | Noticed Menkaure
  3415 | D:4      | Killed Menkaure
  3415 | D:4      | Reached skill level 5 in Fighting
  3415 | D:4      | Reached skill level 6 in Axes
  3415 | D:4      | Reached skill level 3 in Armour
  3422 | D:4      | Reached XP level 6. HP: 34/56 MP: 5/5
  3785 | D:4      | Found a staircase to the Ecumenical Temple.
  3796 | Temple   | Entered the Ecumenical Temple
  3801 | Temple   | Became a worshipper of Cheibriados the Contemplative
  3801 | Temple   | Reached * piety under Cheibriados
  3801 | Temple   | Reached ** piety under Cheibriados
  4258 | D:4      | Found Axobb's General Store.
  4340 | D:4      | HP: 9/57 [ogre/+0 giant club (25)]
  4342 | D:4      | Reached skill level 6 in Fighting
  4342 | D:4      | Reached skill level 4 in Armour
  4342 | D:4      | Reached XP level 7. HP: 10/63 MP: 6/6
  4821 | D:4      | Found a runed translucent door.
  4822 | D:4      | Noticed Crazy Yiuf
  4833 | D:4      | Killed Crazy Yiuf
  5026 | D:5      | Entered Level 5 of the Dungeon
  5169 | D:5      | Reached skill level 7 in Axes
  5491 | D:5      | Reached skill level 5 in Armour
  6020 | D:5      | Found a stormy altar of Qazlal.
  6020 | D:5      | Found a sparkling altar of Nemelex Xobeh.
  6182 | D:6      | Reached skill level 7 in Fighting
  6250 | D:6      | Reached XP level 8. HP: 73/73 MP: 7/7
  6296 | D:6      | Noticed Dowan
  6297 | D:6      | Noticed Duvessa
  6316 | D:6      | Killed Duvessa
  6316 | D:6      | Reached skill level 8 in Axes
  6316 | D:6      | Reached skill level 6 in Armour
  6321 | D:6      | Killed Dowan
  6525 | D:6      | Reached *** piety under Cheibriados
  6705 | D:6      | Noticed Eustachio
  6713 | D:6      | Killed Eustachio
  6713 | D:6      | Reached skill level 8 in Fighting
  6715 | D:6      | Noticed a troll
  6777 | D:6      | Killed a troll
  6777 | D:6      | Reached skill level 9 in Axes
  6777 | D:6      | Reached skill level 7 in Armour
  7103 | D:6      | HP: 6/75 [orc warrior/+0 halberd (16)]
  7104 | D:6      | Mangled by an orc warrior

Levels and vault maps discovered:
D:1:      dpeg_arrival_rhombi, layout_basic, serial_bayou_lagoon_a
D:2:      layout_basic
D:3:      layout_basic
D:4:      layout_loops_ring, minmay_temple_entry_stoned_glass, serial_shops,
          shop, uniq_crazy_yiuf_cottage, uniq_menkaure
D:5:      layout_loops_corners, gammafunk_temple_overflow_elements, first_ration
D:6:      layout_loops_corners, uniq_duvessa, uniq_eustachio
Temple:   regret_index_temple_chain_breaker

Skill      XL: |  1  2  3  4  5  6  7  8 |
---------------+-------------------------+-----
Fighting       | 4 5 6 7 8 |  8.5
Axes           | 5 6 7 9 |  9.1
Stealth        | 2 |  2.0
Armour         | 1 3 4 5 7 |  7.4
Dodging        | |  3.5

Action                   |  1- 3 |  4- 6 |  7- 9 || total
-------------------------+-------+-------+-------++-------
Melee: Hand axe          |    50 |   111 |   153 ||   314
       Headbutt          |     8 |    23 |    56 ||    87
 Fire: Hunting sling     |       |    34 |       ||    34
Throw: Stone             |    65 |    71 |    51 ||   187
  Use: Scroll            |       |       |    12 ||    12
 Stab: Sleeping          |     2 |       |       ||     2
  Eat: Chunk             |     1 |     5 |     4 ||    10
       Ration            |       |     1 |       ||     1
Armor: Robe              |     9 |       |       ||     9
       Chain mail        |       |    52 |    57 ||   109
Dodge: Dodged            |    33 |    44 |    41 ||   118

Table legend:
 A = Non-vault XP
 B = Vault XP
 C = Vault XP percentage of total XP
 D = Non-vault monster count
 E = Vault monster count
 F = Vault count percentage of total count
                 A         B        C        D         E       F
            +---------+---------+-------+---------+---------+-------
      Total |    2029 |     611 |  23.1 |     106 |       5 |   4.5
            +---------+---------+-------+---------+---------+-------
        D:1 |      21 |       0 |   0.0 |      13 |       0 |   0.0
        D:2 |      83 |       0 |   0.0 |      19 |       0 |   0.0
        D:3 |      95 |       0 |   0.0 |      19 |       0 |   0.0
        D:4 |     423 |     193 |  31.3 |      23 |       2 |   8.0
        D:5 |     518 |       0 |   0.0 |      10 |       0 |   0.0
        D:6 |     889 |     418 |  32.0 |      22 |       3 |  12.0
            +---------+---------+-------+---------+---------+-------

Levels and vault maps discovered:
D:1:      dpeg_arrival_rhombi, layout_basic, serial_bayou_lagoon_a
D:2:      layout_basic
D:3:      layout_basic
D:4:      layout_loops_ring, minmay_temple_entry_stoned_glass, serial_shops,
          shop, uniq_crazy_yiuf_cottage, uniq_menkaure
D:5:      layout_loops_corners, gammafunk_temple_overflow_elements, first_ration
D:6:      layout_loops_corners, uniq_duvessa, uniq_eustachio
Temple:   regret_index_temple_chain_breaker

Table legend:
 A = Turns spent in this place as a percentage of turns spent in the entire game.
 B = Non-inter-level travel turns spent in this place as a percentage of non-inter-level travel turns spent in the entire game.
 C = Inter-level travel turns spent in this place as a percentage of turns spent in this place.
 D = Turns resting spent in this place as a percentage of non-inter-level travel turns spent in this place.
 E = Turns spent auto-exploring this place as a percentage of non-inter-level travel turns spent in this place.
 F = Non-inter-level travel turns spent in this place divided by the number of levels of this place that you've seen.
                   A       B       C       D       E      F
               +-------+-------+-------+-------+-------+----------------------
         Total | 100.0 | 100.0 |   2.8 |  35.7 |  51.0 | 986.7
       Dungeon |  99.8 |  99.8 |   2.8 |  35.8 |  51.1 | 1149.3
        Temple |   0.2 |   0.2 |   0.0 |   0.0 |   0.0 |  11.0
               +-------+-------+-------+-------+-------+----------------------

Table legend:
 A = Kills in this place as a percentage of kills in entire the game.
 B = Kills by you in this place as a percentage of kills by you in the entire game.
 C = Kills by friends in this place as a percentage of kills by friends in the entire game.
 D = Other kills in this place as a percentage of other kills in the entire game.
 E = Experience gained in this place as a percentage of experience gained in the entire game.
 F = Experience gained in this place divided by the number of levels of this place that you have seen.
                   A       B       C       D       E      F
               +-------+-------+-------+-------+-------+----------------------
         Total | 100.0 | 100.0 |   N/A |   N/A | 100.0 | 377.1
       Dungeon | 100.0 | 100.0 |   N/A |   N/A | 100.0 | 440.0
               +-------+-------+-------+-------+-------+----------------------
